Map: Hecate LE

Players

Subwayeatn - Winner!

  • Race: Zerg Zerg
  • League: Platinum
  • Spawn Location: 1:00

WAVE

  • Race: Protoss Protoss
  • League: Platinum
  • Spawn Location: 7:00

VOD

Have the link to the VOD?

Description

Time

  • Played on: Oct. 28, 2023, 7:31 p.m.
  • Length: 9:28
Show
View Real Time Build Order
Export as new Build Order

Subwayeatn Zerg - Winner!

Build Orders: Pool First 

Get SALT Encoding   

  12  0:17  Spawning Pool  
  11  0:24  Drone  
  11  0:26  Drone  
  13  0:30  Drone  
  14  1:00  Hatchery  
  14  1:04  Zergling x2  
  14  1:20  Overlord  
  14  1:36  Extractor  
  14  1:38  Zergling x2  
  14  1:41  Zergling x4  
  16  1:47  Queen  
  18  1:54  Zergling x2  
  19  2:08  Zergling x2  
  20  2:12  Queen  
  21  2:42  Overlord  
  21  2:44  Drone x5  
  26  2:58  Metabolic Boost  
  26  3:10  Drone x4  
  30  3:30  Hatchery  
  29  3:41  Overlord  
  29  3:45  Drone x4  
  33  3:54  Baneling Nest  
  32  3:57  Drone x2  
  32  3:59  Drone  
  35  4:04  Extractor  
  34  4:11  Queen  
  34  4:14  Overlord  
  36  4:22  Pneumatized Carapace  
  36  4:24  Drone  
  37  4:46  Overlord  
  37  4:48  Queen  
  39  4:57  Lair  
  39  5:00  Overlord  
  39  5:02  Drone x5  
  39  5:06  Drone x2  
  46  5:21  Evolution Chamber  
  45  5:22  Evolution Chamber  
  41  5:53  Drone x2  
  41  5:55  Zerg Melee Weapons Level 1  
  41  5:56  Zerg Ground Armor Level 1  
  41  5:57  Extractor  
  41  6:01  Overseer  
  40  6:04  Overseer  
  40  6:09  Overlord  
  40  6:11  Overlord  
  40  6:16  Zergling x2  
  41  6:19  Centrifugal Hooks  
  41  6:23  Drone x2  
  41  6:24  Drone x10  
  41  6:25  Drone x3  
  56  6:37  Drone x2  
  56  6:39  Infestation Pit  
  57  6:40  Drone x2  
  57  6:41  Drone  
  57  6:43  Hydralisk Den  
  59  6:59  Extractor  
  58  7:13  Grooved Spines  
  58  7:21  Hydralisk x3  
  64  7:23  Lurker Den  
  64  7:24  Zergling x2  
  64  7:25  Zergling x30  
  79  7:48  Overlord  
  79  7:51  Hatchery  
  79  7:55  Zergling x2  
  79  7:56  Zergling x6  
  82  8:03  Overlord x4  
  81  8:20  Baneling x15  
  81  8:21  Baneling x4  
  81  8:30  Lurker  
  81  8:42  Extractor  
  81  8:49  Drone  
  81  8:50  Drone  
  81  8:53  Zergling x26  
Show
View Real Time Build Order
Export as new Build Order

WAVE Protoss 

Build Orders:  

Get SALT Encoding   

  12  0:00  Probe  
  13  0:12  Probe  
  14  0:20  Pylon  
  14  0:25  Probe  
  15  0:38  Gateway, Probe  
  16  0:48  Assimilator  
  16  0:50  Probe (Chrono Boost)  
  17  1:01  Probe (Chrono Boost)  
  18  1:05  Probe (Chrono Boost)  
  19  1:16  Probe  
  20  1:28  Zealot, Cybernetics Core, Probe  
  23  1:48  Pylon  
  23  1:51  Gateway  
  23  2:00  Probe  
  23  2:06  Stalker (Chrono Boost)  
  25  2:12  Warp Gate, Pylon  
  25  2:19  Pylon  
  25  2:28  Stalker (Chrono Boost)  
  27  2:43  Probe  
  28  2:48  Stalker  
  28  2:50  Nexus  
  30  2:58  Probe  
  31  3:02  Assimilator  
  31  3:10  Probe  
  31  3:11  Robotics Facility  
  32  3:22  Probe  
  32  3:23  Stalker (Chrono Boost)  
  35  3:37  Probe  
  36  3:43  Gateway  
  36  3:46  Sentry (Chrono Boost)  
  38  3:49  Probe  
  39  3:57  Gateway  
  39  4:04  Observer  
  39  4:05  Probe (Chrono Boost)  
  39  4:06  Probe (Chrono Boost)  
  42  4:11  Pylon  
  43  4:17  Probe (Chrono Boost)  
  43  4:18  Probe (Chrono Boost)  
  43  4:21  Twilight Council  
  44  4:25  Probe (Chrono Boost)  
  44  4:28  Pylon  
  45  4:41  Stalker  
  45  4:42  Stalker  
  49  4:53  Immortal  
  49  4:58  Probe x2  
  55  5:00  Assimilator  
  55  5:02  Assimilator  
  55  5:10  Charge (Chrono Boost), Probe  
  55  5:11  Probe  
  57  5:22  Probe  
  58  5:28  Stalker  
  58  5:56  Stalker x2  
  58  5:57  Stalker x2  
  64  6:05  Probe  
  64  6:06  Probe  
  66  6:18  Gateway x2, Probe (Chrono Boost)  
  68  6:19  Probe (Chrono Boost)  
  68  6:21  Templar Archives  
  68  6:22  Gateway x2  
  68  6:30  Probe (Chrono Boost)  
  68  6:31  Probe (Chrono Boost)  
  70  6:47  Blink (Chrono Boost)  
  70  6:48  Pylon x2  
  70  6:51  Pylon x2  
  70  6:52  Pylon  
  70  7:15  Zealot x5  
  80  7:16  Zealot x2  
  80  7:17  Zealot  
  80  7:22  Immortal (Chrono Boost)  
  86  7:27  Probe  
  91  7:34  Pylon  
  91  7:35  Pylon  
  91  7:48  Gateway x2  
  91  7:52  Gateway  
  91  7:59  Zealot x3  
  91  8:05  Warp Prism (Chrono Boost)  
Tags
 
Matchup
PvZ
Opening
Pool First
Replay Pack
Multiplayer
Spawn Locations
Cross Positions
Add a new tag
Caveats
  • Supply blocks, unpowered buildings, or Contaminate may cause inaccurate times.
  • Supply counts are checked every 10 seconds.